 Dungeon Crawl Stone Soup version 0.24-a0-91-g4e4936a (webtiles) character file.

Game seed: 16884737369089749241

100 Borgoz the Skirmisher (level 4, -5/29 HPs)
             Began as a Gargoyle Abyssal Knight on Feb 9, 2019.
             Was a Believer of Lugonu.
             Killed by divine providence
             ... invoked by an orc priest
              (11 damage)
             ... on level 3 of the Dungeon.
             The game lasted 00:03:08 (2080 turns).

Borgoz the Skirmisher (Gargoyle Abyssal Knight)     Turns: 2080, Time: 00:03:08

Health: -5/29      AC: 10    Str: 15    XL:     4   Next: 74%
Magic:  5/5        EV: 11    Int: 13    God:    Lugonu [**....]
Gold:   206        SH:  0    Dex: 10    Spells: 3/3 levels left

rFire    . . .     SeeInvis .   a - +1 hand axe
rCold    . . .     Gourm    .   (no shield)
rNeg     + . .     Faith    .   d - +0 ring mail
rPois    ∞         Spirit   .   (no helmet)
rElec    +         Reflect  .   (no cloak)
rCorr    +         Harm     .   n - +0 pair of gloves
MR       .....                  (no boots)
Stlth    ..........             (no amulet)
HPRegen  0.09/turn              s - ring of resist corrosion
MPRegen  0.09/turn              (no ring)

@: no status effects
A: negative energy resistance 1, electricity resistance, unbreathing,
petrification resistance, rot immunity, AC +3
a: Depart the Abyss, Bend Space, Renounce Religion


You were on level 3 of the Dungeon.
You worshipped Lugonu.
Lugonu was pleased with you.
You were not hungry.

You visited 1 branch of the dungeon, and saw 3 of its levels.
You visited the Abyss 1 time.

You collected 206 gold pieces.

Inventory:

Hand Weapons
 a - a +1 hand axe (weapon)
Armour
 d - a +0 ring mail (worn)
 n - a +0 pair of gloves (worn)
Jewellery
 s - a ring of resist corrosion (left hand)
Wands
 b - a wand of disintegration (10)
 u - a wand of digging (4)
Scrolls
 e - 4 scrolls of identify {unknown}
 h - 2 scrolls of teleportation {unknown}
 j - a scroll of fog {unknown}
 l - 3 scrolls of remove curse {unknown}
 m - 3 scrolls of amnesia {unknown}
 o - a scroll of random uselessness {unknown}
 q - a scroll of enchant weapon {unknown}
Potions
 g - a potion of magic {unknown}
 i - a potion of degeneration {unknown}
 k - 2 potions of curing {unknown}
 p - a potion of mutation {unknown}
 r - a potion of berserk rage {unknown}
 t - a potion of heal wounds {unknown}
Miscellaneous
 f - a box of beasts
Comestibles
 c - 8 rations


   Skills:
 + Level 3.7 Fighting
 * Level 2.7 Axes
 * Level 3.3 Armour
 + Level 1.5 Dodging
 + Level 2.6 Invocations


You had 3 spell levels left.
You didn't know any spells.
Your spell library was empty.

Dungeon Overview and Level Annotations

Branches:
Dungeon (3/15)

Altars:


Innate Abilities, Weirdness & Mutations

You are resistant to torment.
Your stone body is resilient. (AC +3)
You are immune to poison.
You resist negative energy. (rN+)
You are resistant to electric shocks. (rElec)
You can survive without breathing.
You are immune to petrification.
You are immune to rotting.


Message History

The orc is almost dead.
The orc barely misses you.
The orc priest looks braver for a moment.
You hit the orc.
You kill the orc!
Lugonu accepts your kill.
You hit the orc priest but do no damage.
The orc priest completely misses you.
You hit the orc priest.
The orc priest is moderately wounded.
The orc priest misses you.
You barely miss the orc priest.
The orc priest is moderately wounded.
The orc priest calls down the wrath of Beogh upon you.
Beogh smites you!
* * * LOW HITPOINT WARNING * * *
You hit the orc but do no damage.
The orc priest calls down the wrath of Beogh upon you.
Beogh smites you!
You die...

#............# #.
#............# ########.
#..[.........####.....##.
#.....................'..
#......)o......##.....###
.......##o###... #.....#
# ....... #o# #.....###
....oo. #o# #........
....... #@# ...####....
....... #.# .. #....
....... #.# . #....
.########.#### #....
...........# #####
...........# ##
.......÷...# #.
...........# #.
#######'####### #.


You could see 2 orc priests and 2 orcs.

Vanquished Creatures
  A gnoll (D:1)
  4 adders
  A worm (D:3)
  A dart slug (D:1)
  2 leopard geckos (D:1)
  2 orcs (D:3)
  A ball python (D:3)
  A giant cockroach (D:1)
  6 goblins
  9 hobgoblins
  2 jackals (D:1)
  4 bats
  3 frilled lizards
  2 kobolds (D:1)
  8 rats
47 creatures vanquished.

Notes
Turn   | Place    | Note
-------+----------+-------------------------------------------
     0 | Abyss:1  | Borgoz the Gargoyle Abyssal Knight began the quest for the
                  | Orb.
     0 | Abyss:1  | Reached XP level 1. HP: 14/14 MP: 2/2
    48 | Abyss:1  | Found a shadowy altar of Dithmenos.
    56 | Abyss:2  | Found a corrupted altar of Lugonu.
   153 | Abyss:3  | Noticed a sixfirhy
   154 | D:1      | Escaped the Abyss
   238 | D:1      | Reached XP level 2. HP: 2/19 MP: 3/3
   538 | D:1      | Reached * piety under Lugonu
   559 | D:1      | Reached skill level 1 in Dodging
   763 | D:1      | Reached XP level 3. HP: 21/23 MP: 4/4
  1242 | D:2      | Reached XP level 4. HP: 23/28 MP: 5/5
  1523 | D:2      | Found a faded altar of an unknown god.
  2063 | D:3      | Reached ** piety under Lugonu
  2080 | D:3      | Killed from afar by an orc priest

Levels and vault maps discovered:
D:1:      lemuel_arrival_river_ford, layout_basic
D:2:      layout_basic, chequers_ecumenical_altar_grove
D:3:      layout_basic
Abyss:1
Abyss:2:  evilmike_abyss_exit_1
Abyss:3:  serial_sigils_hangedman_quiver

Skill      XL: |  1  2  3 |
---------------+----------+-----
Axes           | 2 |  2.7
Dodging        | 1 |  1.5
Armour         | 3 |  3.3
Fighting       | |  3.7
Invocations    | |  2.6

Action                   |  1- 3 |  4- 6 || total
-------------------------+-------+-------++-------
Melee: Hand axe          |    98 |    67 ||   165
Invok: Depart the Abyss  |     1 |       ||     1
Evoke: Wand              |       |     1 ||     1
  Eat: Chunk             |     1 |     3 ||     4
Armor: Ring mail         |    55 |    41 ||    96
Dodge: Dodged            |    59 |    50 ||   109

Table legend:
 A = Non-vault XP
 B = Vault XP
 C = Vault XP percentage of total XP
 D = Non-vault monster count
 E = Vault monster count
 F = Vault count percentage of total count
                 A         B        C        D         E       F
            +---------+---------+-------+---------+---------+-------
      Total |     144 |       0 |   0.0 |      47 |       0 |   0.0
            +---------+---------+-------+---------+---------+-------
        D:1 |      60 |       0 |   0.0 |      26 |       0 |   0.0
        D:2 |      36 |       0 |   0.0 |       9 |       0 |   0.0
        D:3 |      48 |       0 |   0.0 |      12 |       0 |   0.0
            +---------+---------+-------+---------+---------+-------
